 Dungeon Crawl Stone Soup version 0.22.1 (webtiles) character file.

248 Peloso the Covered (level 5, -9/46 HPs)
             Began as a Minotaur Fighter on Sept 19, 2018.
             Killed by divine providence
             ... invoked by an orc priest
              (16 damage)
             ... on level 4 of the Dungeon.
             The game lasted 00:04:17 (1457 turns).

Peloso the Covered (Minotaur Fighter)               Turns: 1457, Time: 00:04:18

Health: -9/46      AC: 11    Str: 20    XL:     5   Next: 86%
Magic:  4/4        EV:  6    Int:  5    God:
Gold:   39         SH: 10    Dex: 11    Spells: 4/4 levels left

rFire    + . .     SeeInvis .   a - +1 long sword
rCold    . . .     Gourm    .   c - +0 shield
rNeg     . . .     Faith    .   b - +2 chain mail {rF+}
rPois    .         Spirit   .   (helmet restricted)
rElec    .         Reflect  .   n - scarf {repulsion}
rCorr    .         Harm     .   (no gloves)
MR       .....                  (no boots)
Stlth    ..........             (no amulet)
HPRegen  0.15/turn              (no ring)
MPRegen  0.09/turn              (no ring)

@: repel missiles
A: retaliatory headbutt, horns 2
a: no special abilities


You were on level 4 of the Dungeon.
You were not hungry.

You visited 1 branch of the dungeon, and saw 4 of its levels.

You collected 39 gold pieces.

Inventory:

Hand Weapons
 a - a +1 long sword (weapon)
Armour
 b - a +2 chain mail of fire resistance (worn)
 c - a +0 shield (worn)
 n - a scarf of repulsion (worn)
Wands
 o - a wand of digging (17)
Potions
 d - 4 potions of might
 h - a potion of berserk rage
 i - a potion of agility {unknown}
 k - a potion of cancellation {unknown}
 l - a potion of lignification {unknown}
 m - a potion of curing {unknown}
 q - a potion of brilliance {unknown}
Comestibles
 f - 5 rations
 g - a chunk of flesh


   Skills:
 + Level 4.1 Fighting
 + Level 4.2 Long Blades
 + Level 5.2 Armour
 + Level 2.0 Dodging
 + Level 5.0 Shields


You had 4 spell levels left.
You didn't know any spells.
Your spell library was empty.

Dungeon Overview and Level Annotations

Branches:
Dungeon (3/15)

Altars:
Gozag


Innate Abilities, Weirdness & Mutations

You reflexively headbutt those who attack you in melee.
You have a pair of horns on your head.


Message History

You hit the orc priest.
The orc priest is lightly wounded.
The orc priest invokes the aid of Beogh against you.
Beogh smites you!
* * * LOW HITPOINT WARNING * * *
You closely miss the orc priest.
The orc priest is lightly wounded.
You hear the hiss of an avalanche of sand.
You block the orc priest's attack.
You barely miss the orc priest.
The orc priest is lightly wounded.
You slash the orc!
You kill the orc!
An orc comes into view.
You block the orc priest's attack.
You barely miss the orc priest. You block the orc priest's attack.
You closely miss the orc priest.
The orc priest calls down the wrath of Beogh upon you.
Beogh smites you!
You die...

...### #....'.##..
.....#########.###.#
.....'.........##..#
.÷...#########.#...#
.†...# #.....+
.....#########.#...#
#+##...........##..#
#.#########o###.#
#.# #.oo@##.. #.#
......o### .#. #.#
.......# . #.#
........# #.#
.......oo #†#
.####....
#.#..######..
#.#...... .#
####.#...####


You could see an orc priest, an orc wizard and 2 orcs.

Vanquished Creatures
  A scorpion (D:4)
  Jessica (D:2)
  Terence (D:2)
  An iguana (D:4)
  A worker ant (D:4)
  4 adders
  An ooze (D:4)
  A worm (D:2)
  3 dart slugs (D:1)
  A leopard gecko (D:2)
  An orc (D:4)
  2 giant cockroaches
  6 goblins
  5 hobgoblins
  4 jackals
  A quokka (D:2)
  3 bats
  A frilled lizard (D:2)
  A goblin zombie (D:4)
  11 kobolds
  A kobold zombie (D:4)
  7 rats
58 creatures vanquished.

Notes
Turn   | Place    | Note
-------+----------+-------------------------------------------
     0 | D:1      | Peloso the Minotaur Fighter began the quest for the Orb.
     0 | D:1      | Reached XP level 1. HP: 19/19 MP: 0/0
    92 | D:1      | Reached XP level 2. HP: 25/27 MP: 1/1
   452 | D:1      | Reached XP level 3. HP: 30/33 MP: 2/2
   639 | D:2      | Noticed Jessica
   654 | D:2      | Killed Jessica
   717 | D:2      | Reached skill level 1 in Dodging
   717 | D:2      | Reached XP level 4. HP: 40/40 MP: 3/3
   833 | D:2      | Noticed Terence
   856 | D:2      | Killed Terence
   856 | D:2      | Reached skill level 5 in Armour
   932 | D:2      | Found an opulent altar of Gozag.
  1311 | D:3      | You fall through a shaft!
  1364 | D:4      | Reached XP level 5. HP: 35/46 MP: 4/4
  1382 | D:4      | Reached skill level 5 in Shields
  1457 | D:4      | Killed from afar by an orc priest

Skill      XL: |  1  2  3  4  5 |
---------------+----------------+-----
Armour         | 4 5 |  5.2
Shields        | 4 5 |  5.0
Long Blades    | 3 4 |  4.2
Dodging        | 1 2 |  2.0
Fighting       | 4 |  4.1

Action                   |  1- 3 |  4- 6 || total
-------------------------+-------+-------++-------
Melee: Long sword        |    90 |    92 ||   182
       Headbutt          |    13 |    19 ||    32
  Use: Scroll            |       |     5 ||     5
  Eat: Chunk             |       |     2 ||     2
Armor: Scale mail        |    52 |     6 ||    58
       Chain mail        |       |    28 ||    28
Dodge: Dodged            |    42 |    20 ||    62
Block: Shield            |    48 |    52 ||   100
       Rpst.: Long sword |    14 |     4 ||    18
